 Dungeon Crawl Stone Soup version 0.17-a0-435-gc4df345 (webtiles) character file.

6024 krae the Severer (level 10, -1/121 HPs)
             Began as a Deep Dwarf Berserker on Apr 4, 2015.
             Was a Priest of Trog.
             Slain by a cyclops (25 damage)
             ... on level 9 of the Dungeon.
             The game lasted 00:30:03 (4111 turns).

krae the Severer (Deep Dwarf Berserker)             Turns: 4111, Time: 00:30:03

Health: -1/121     AC: 12    Str: 27    XL:     10   Next: 56%
Magic:  10/10      EV:  8    Int:  7    God:    Trog [***...]
Gold:   217        SH:  0    Dex: 15    Spells: 0 memorised, 9 levels left

rFire  . . .     SeeInvis .     G - +0 war axe
rCold  . . .     Rnd*Rage +     z - +0 plate armour
rNeg   . . .     SustAb   .     (no shield)
rPois  .         Gourm    .     f - +0 helmet
rElec  +         Spirit   .     (no cloak)
rCorr  .         Warding  .     (no gloves)
rMut   .         Stasis   .     (no boots)
MR     ++++.                    (no amulet)
Stlth  ..........               A - ring of protection from magic
                                e - ring of stealth

@: berserking, lethally poisoned (-1 -> -1), non-regenerating, very quick,
incredibly resistant to hostile enchantments, extremely unstealthy
A: damage resistance, recharge devices, hooves 1, berserk 1, sense surroundings
2, electricity resistance, slow healing 3
a: Device Recharging, Burn Spellbooks, Berserk, Trog's Hand, Renounce Religion


You were on level 9 of the Dungeon.
You worshipped Trog.
Trog was most pleased with you.
You were very hungry.

You visited 1 branch of the dungeon, and saw 11 of its levels.
You also visited: Ossuary.

You collected 217 gold pieces.


Innate Abilities, Weirdness & Mutations

You are resistant to damage.
You can recharge devices by infusing magical energy.
You passively map the area around you.
You do not heal naturally.
You have large cloven feet.
You tend to lose your temper in combat.
You are resistant to electric shocks.


   Skills:
 - Level 2.6 Fighting
 + Level 16.5 Axes
 - Level 2.1 Armour
 - Level 2.1 Dodging


You had 9 spell levels left.
You didn't know any spells.

Inventory:

Hand weapons
 a - a +0 hand axe
 v - a +0 blowgun
 w - a cursed -1 shortbow
 x - a +0 shortbow
 G - a +0 war axe (weapon)
 H - a +0 battleaxe
 O - a +0 greatsling
Missiles
 y - 22 arrows of frost
 D - 2 throwing nets {=f}
 K - 3 curare-tipped needles {=f}
Armour
 b - a cursed +0 animal skin
 f - a +0 helmet (worn)
 j - a +2 robe of the Archmagi
 o - a +0 ring mail
 z - a +0 plate armour (worn)
Magical staves
 t - a staff of poison {unknown}
Jewellery
 e - a ring of stealth (left hand)
 A - a ring of protection from magic (right hand)
Magical devices
 c - a wand of heal wounds (0) {!d@v2}
 u - a wand of cold (0)
 F - a wand of flame (20)
 J - a wand of random effects (20)
 L - a wand of frost (6)
Scrolls
 h - 2 scrolls of immolation {!r}
 q - 2 scrolls of magic mapping
 I - a scroll of recharging
Potions
 g - a potion of heal wounds {@q2}
 i - 2 potions of magic {unknown}
 k - 2 potions of cure mutation
 l - a potion of lignification {unknown}
 m - 2 potions of curing {unknown}
 n - 2 potions of might {unknown}
 p - a potion of invisibility {unknown}
 r - a potion of ambrosia {unknown}
 s - a potion of cancellation {unknown}
 B - a potion of experience {unknown}
 C - a potion of beneficial mutation {unknown}
Books
 N - a book of Geomancy
Comestibles
 d - 5 bread rations
 E - 2 beef jerkies

Dungeon Overview and Level Annotations

Branches:
Dungeon (11/15)              Lair (0/8) D:8
 Temple: D:4-7          Orc: D:9-12

Altars:
Fedhas
Makhleb
Vehumet
Zin

Shops:
D:9 =

Annotations:
D:6 krae's ghost, experienced DDBe

## #.# , ........ ,, .#
#.######.......# ** .# #...
...#.#....# *
.######.#####.#.#....# # *, *
..[..................###.*
.[####>...###...)(.......### *
.[..............().C....[... ,
[.####.........)C#########.######
..# #........()g# #......... ..#
#.....(.(..(# #.#.#..### .##
###.........# #...#..# #
.#######.....(...# ###..##..# #
.'...............# #........# #
.#######.........#####.#......# #
.# ###.###.#..)(())........# # ##
#...# #.##.#####)#....### #
#####.### #.##.# #.#....# #


You could see a cyclops.


Message History

The cyclops hits you!
* * * LOW HITPOINT WARNING * * *
You hit the cyclops but do no damage. You kick the cyclops, but do no damage.
The cyclops is lightly wounded.
You hit the cyclops. You kick the cyclops, but do no damage.
The cyclops is lightly wounded.
The cyclops hits you.
You hit the cyclops.
The cyclops is moderately wounded.
You feel the effects of Trog's Hand fading.
You hit the cyclops but do no damage.
The cyclops is moderately wounded.
The cyclops hits you but does no damage.
You slash the cyclops!
The cyclops is heavily wounded.
You feel less exhausted.
You hit the cyclops. Your kick misses the cyclops.
The cyclops is heavily wounded.
The cyclops hits you!!
* * * LOW HITPOINT WARNING * * *
Use which ability? (? or * to list)
Okay, then.
Use which ability? (? or * to list)
A red film seems to cover your vision as you go berserk!
You feel yourself moving faster!
You feel mighty!
You are feeling very hungry.
You slash the cyclops! You kick the cyclops!
The cyclops is almost dead.
The cyclops hits you!!
You die...

Action                   |  1- 3 |  4- 6 |  7- 9 | 10-12 || total
-------------------------+-------+-------+-------+-------++-------
Melee: Hand axe          |    25 |    76 |   388 |       ||   489
       War axe           |       |       |    12 |   140 ||   152
 Fire: Blowgun           |       |       |       |     3 ||     3
Invok: Berserk           |     2 |     4 |    18 |     6 ||    30
       Trog's Hand       |       |       |    10 |     5 ||    15
       Burn Spellbooks   |       |       |     1 |       ||     1
Evoke: Wand              |       |     4 |     6 |     2 ||    12
  Use: Potion            |       |     1 |       |     3 ||     4
       Scroll            |       |     1 |    10 |       ||    11
  Eat: Meat ration       |       |     1 |     1 |       ||     2
       Chunk             |       |       |    24 |     2 ||    26
       Bread ration      |       |       |     1 |       ||     1
       Beef jerky        |       |       |       |     4 ||     4
       Pizza             |       |       |       |     1 ||     1

Vault maps used:
D:1:      dpeg_arrival_lava_altar, feat_on_display
D:2:      okawaru_gym_becter, minmay_hedge_maze, dk_xom_monty_hall
D:4:      minmay_goblin_kobold_castle, grunt_dithmenos_smoke_and_mirrors,
          serial_curves, eino_curves_04, eino_curves_02, eino_curves_04,
          grunt_decor_cap
D:5:      forest_paths, first_bread, corexii_shack, uniq_duvessa,
          uniq_eustachio, uniq_sigmund
D:6:      kennysheep_big_flooded_room
D:7:      lemuel_mausoleum_altar_kikubaaqudgha,
          minmay_temple_entry_enclosed_plants,
          nicolae_ossuary_entry_false_entrances, basic_altar
D:8:      kennysheep_mini_moat, makhleb_heckhound_becter,
          gammafunk_temple_overflow_pools, erik_lair_boring, grunt_ogre_cave,
          kennysheep_generic_room_13
D:9:      serial_shops, kennysheep_mini, uniq_prince_ribbit1
D:10:     uniq_josephine, uniq_urug
D:11:     david_orc_3
Ossuary:  ossuary_minmay_four_chambers

Notes
Turn   | Place    | Note
--------------------------------------------------------------
     0 | D:1      | krae, the Deep Dwarf Berserker, began the quest for the Orb.
     0 | D:1      | Reached XP level 1. HP: 20/20 MP: 1/1
   233 | D:5      | Entered Level 5 of the Dungeon
   236 | D:5      | Noticed a giant frog skeleton
   246 | D:5      | Killed a giant frog skeleton
   246 | D:5      | Reached skill level 4 in Axes
   246 | D:5      | Reached XP level 2. HP: 27/27 MP: 2/2
   246 | D:5      | Reached XP level 3. HP: 33/33 MP: 3/3
   250 | D:5      | Noticed Duvessa
   290 | D:5      | Killed Duvessa
   290 | D:5      | Reached skill level 6 in Axes
   290 | D:5      | Reached XP level 4. HP: 26/40 MP: 4/4
   294 | D:5      | Noticed Dowan
   300 | D:5      | Gained mutation: You are resistant to electric shocks. [potion of mutation]
   300 | D:5      | Gained mutation: You have large cloven feet. [potion of mutation]
   300 | D:5      | Gained mutation: You tend to lose your temper in combat. [potion of mutation]
   304 | D:5      | HP: 3/40 [Dowan/dagger (2)]
   318 | D:5      | HP: 4/40 [Dowan/shard of ice (19)]
   349 | D:5      | Killed Dowan
   349 | D:5      | Reached XP level 5. HP: 29/46 MP: 5/5
   362 | D:5      | Identified a +2 robe of the Archmagi (You took it off Dowan on level 5 of the Dungeon)
   389 | D:5      | Noticed an iguana
   392 | D:5      | Noticed an iguana
   398 | D:5      | Killed an iguana
   398 | D:5      | Reached skill level 7 in Axes
   400 | D:5      | Killed an iguana
   501 | D:5      | Reached XP level 6. HP: 16/55 MP: 6/6
   510 | D:5      | Noticed a crimson imp
   517 | D:5      | Noticed a crimson imp
   519 | D:5      | Noticed a centaur skeleton
   522 | D:5      | Killed a crimson imp
   524 | D:5      | Killed a centaur skeleton
   525 | D:5      | Killed a crimson imp
   525 | D:5      | Reached skill level 8 in Axes
   572 | D:5      | Noticed a quasit
   572 | D:5      | Noticed a crimson imp
   573 | D:5      | Noticed an ogre
   596 | D:5      | Noticed a hound
   598 | D:5      | Noticed a giant frog
   603 | D:5      | Killed a hound
   605 | D:5      | Killed a crimson imp
   606 | D:5      | Killed a giant frog
   719 | D:6      | Reached skill level 9 in Axes
   719 | D:6      | Reached XP level 7. HP: 27/61 MP: 7/7
   787 | D:7      | Found a burning altar of Makhleb.
   808 | D:7      | Acquired Trog's second power
   839 | D:7      | Found a sand-covered staircase.
   858 | Ossuary  | Entered an ossuary
   935 | Ossuary  | Reached skill level 10 in Axes
  1047 | Ossuary  | Reached XP level 8. HP: 25/68 MP: 8/8
  1054 | Ossuary  | Reached skill level 11 in Axes
  1127 | D:8      | Found a burning altar of Makhleb.
  1300 | D:8      | Found a glowing silver altar of Zin.
  1300 | D:8      | Found a blossoming altar of Fedhas.
  1578 | D:6      | Noticed krae's ghost (experienced DDBe)
  1675 | D:7      | Reached skill level 12 in Axes
  1873 | D:7      | Gained mutation: You passively map the area around you. [Deep Dwarf growth]
  1873 | D:7      | Reached XP level 9. HP: 20/74 MP: 9/9
  2034 | D:8      | Reached skill level 13 in Axes
  2063 | D:8      | HP: 6/74 [boring beetle (19)]
  2154 | D:8      | Found a staircase to the Lair.
  2192 | D:8      | Found a radiant altar of Vehumet.
  2539 | D:9      | Noticed Prince Ribbit
  2544 | D:9      | Reached skill level 14 in Axes
  2546 | D:9      | Killed Prince Ribbit
  2961 | D:10     | Entered Level 10 of the Dungeon
  3104 | D:9      | Reached skill level 15 in Axes
  3249 | D:10     | Reached XP level 10. HP: 73/81 MP: 10/10
  3455 | D:10     | Noticed Josephine
  3490 | D:10     | HP: 5/81 [Josephine/vampiric draining (17)]
  3500 | D:10     | Killed Josephine
  3500 | D:10     | Reached skill level 16 in Axes
  3816 | D:9      | Found Viacigoc's Jewellery Shop.
  4088 | D:9      | Noticed a cyclops
  4111 | D:9      | Slain by a cyclops

Vanquished Creatures
  Josephine (D:10)
  Prince Ribbit (D:9)
  A wyvern (D:9)
  4 wraiths (D:10)
  A hippogriff (D:9)
  A hungry ghost (D:8)
  Duvessa (D:5)
  2 orc warriors
  An ice beast (D:9)
  2 sky beasts
  A water moccasin (D:10)
  A phantom (D:8)
  3 centaurs
  2 ogres (D:8)
  4 boring beetles (D:8)
  3 big kobolds
  3 elf zombies (Ossuary)
  Dowan (D:5)
  6 giant frogs
  A scorpion (D:9)
  4 killer bees (D:7)
  A quasit (D:9)
  5 centaur zombies
  6 crimson imps
  A giant frog zombie (D:10)
  7 orc priests
  5 human zombies (Ossuary)
  7 orc wizards
  2 hounds
  2 jellies (D:8)
  2 centaur skeletons
  A giant frog skeleton (D:5)
  2 iguanas (D:5)
  3 worker ants
  A hound skeleton (D:8)
  3 mummies (Ossuary)
  2 worker ant zombies
  2 adders
  An adder skeleton (D:9)
  A giant gecko (D:3)
  14 orcs
  A ball python (D:5)
  A bat zombie (D:7)
  A goblin (D:2)
  3 hobgoblins
  4 quokkas
  5 bats
  4 jackals (D:8)
  19 kobolds
  8 rats
158 creatures vanquished.

Vanquished Creatures (others)
  An orc wizard (D:9)
1 creature vanquished.

Grand Total: 159 creatures vanquished
